 Dungeon Crawl Stone Soup version 0.22.1-6-g1668fe2c40 (webtiles) character file.

51 BushDid911 the Skirmisher (level 3, -2/29 HPs)
             Began as a Demonspawn Fighter on Jan 26, 2019.
             Slain by a goblin
             ... wielding a +0 dagger
             ... led by Robin
              (3 damage)
             ... on level 2 of the Dungeon on Jan 27, 2019.
             The game lasted 00:02:49 (1345 turns).

BushDid911 the Skirmisher (Demonspawn Fighter)      Turns: 1345, Time: 00:02:49

Health: -2/29      AC:  9    Str: 14 (17) XL:     3   Next: 58%
Magic:  3/3        EV:  3    Int:  6 (9)  God:
Gold:   53         SH:  8    Dex: 10 (12) Spells: 2/2 levels left

rFire    . . .     SeeInvis .   l - +0 spear
rCold    . . .     Gourm    .   c - +0 shield
rNeg     . . .     Faith    .   e - +0 chain mail
rPois    .         Spirit   .   (no helmet)
rElec    .         Reflect  .   (no cloak)
rCorr    .         Harm     .   (no gloves)
MR       .....                  (no boots)
Stlth    ..........             (no amulet)
HPRegen  0.09/turn              (no ring)
MPRegen  0.08/turn              (no ring)

@: no status effects
A: nightstalker 1
a: no special abilities


You were on level 2 of the Dungeon.
You were near starving.

You visited 1 branch of the dungeon, and saw 2 of its levels.

You collected 53 gold pieces.

Inventory:

Hand Weapons
 a - a +0 long sword
 l - a +0 spear (weapon)
Missiles
 k - 16 bolts
Armour
 c - a +0 shield (worn)
 e - a +0 chain mail (worn)
Jewellery
 j - an uncursed ring of positive energy {unknown}
Scrolls
 g - a scroll of enchant weapon {unknown}
 h - 4 scrolls of identify {unknown}
 i - a scroll of fear {unknown}
 n - a scroll of random uselessness {unknown}
Potions
 d - a potion of might
 m - a potion of lignification {unknown}
Comestibles
 f - 3 rations


   Skills:
 + Level 3.5 Fighting
 + Level 2.1 Long Blades
 + Level 0.2 Polearms
 * Level 3.2 Armour
 + Level 0.3 Dodging
 + Level 0.1 Stealth
 + Level 2.9 Shields


You had 2 spell levels left.
You didn't know any spells.
Your spell library was empty.

Dungeon Overview and Level Annotations

Branches:
Dungeon (2/15)

Altars:

Annotations:
D:2 Robin


Innate Abilities, Weirdness & Mutations

You are slightly more attuned to the shadows.


Message History

Your shield and chain mail prevent you from hitting the hobgoblin.
The hobgoblin is almost dead.
The hobgoblin completely misses you.
You hit the hobgoblin.
You kill the hobgoblin!
You hit the goblin.
You kill the goblin!
The goblin hits you with a dagger.
* * * LOW HITPOINT WARNING * * *
You barely miss the goblin. The goblin hits you but does no damage.
Robin throws the goblin at you! The goblin hits you but does no damage.
You closely miss the goblin. The goblin hits you with a dagger.
* * * LOW HITPOINT WARNING * * *
You block the goblin's attack.
It was a potion of degeneration.
There was something very wrong with that liquid.
You feel weakened.
You feel dopey.
You feel clumsy.
The goblin no longer looks unusually strong.
The goblin hits you with a dagger.
You die...

###(### #.....#
#.....#
.######.....#
............#
..####......#
#......#
#.######g.....#
#..g@gggg.....#
########g.....#
#)###### #g#
#gg.g.# #.gg..#
#.....# #.....#
#.....#


You could see Robin, a hobgoblin and 5 goblins.

Vanquished Creatures
  An adder (D:2)
  A worm (D:2)
  A dart slug (D:1)
  A leopard gecko (D:1)
  5 bats
  2 giant cockroaches (D:1)
  7 goblins
  4 hobgoblins
  5 kobolds
  2 frilled lizards (D:1)
  7 rats (D:1)
36 creatures vanquished.

Notes
Turn   | Place    | Note
-------+----------+-------------------------------------------
     0 | D:1      | BushDid911 the Demonspawn Fighter began the quest for the
                  | Orb.
     0 | D:1      | Reached XP level 1. HP: 18/18 MP: 1/1
   316 | D:1      | Gained mutation: You are slightly more attuned to the
                  | shadows. [demonic ancestry]
   316 | D:1      | Reached XP level 2. HP: 24/24 MP: 2/2
   736 | D:1      | Reached XP level 3. HP: 29/29 MP: 3/3
  1315 | D:2      | Noticed Robin
  1344 | D:2      | HP: 1/29 [goblin/dagger[Robin] (4)]
  1345 | D:2      | Slain by a goblin

Skill      XL: |  1  2  3 |
---------------+----------+-----
Armour         | 3 |  3.2
Long Blades    | 2 |  2.1
Fighting       | |  3.5
Polearms       | |  0.2
Dodging        | |  0.3
Stealth        | |  0.1
Shields        | |  2.9

Action                   || total
-------------------------++-------
Melee: Long sword        ||    58
       Spear             ||    73
  Use: Potion            ||     1
Armor: Scale mail        ||     5
       Chain mail        ||    84
Dodge: Dodged            ||    23
Block: Shield            ||    61
       Rpst.: Long sword ||     4
